Map: Lerilak Crest

Players

GerichRail (Rail)

  • Race: Protoss Protoss

Namshar - Winner!

  • Race: Zerg Zerg
  • League: Grandmaster

Event: DreamHack ZOWIE Open Leipzig

VOD

Have the link to the VOD?

Description

Time

  • Played on: Jan. 22, 2016, 8:51 a.m.
  • Length: 13:23

All games in this series

Show
View Real Time Build Order
Export as new Build Order

GerichRail Protoss 

Build Orders: 1 Gate Expand 

Get SALT Encoding   

  12  0:01  Probe (Chrono Boost)  
  13  0:11  Probe (Chrono Boost)  
  14  0:18  Pylon  
  14  0:24  Probe (Chrono Boost)  
  15  0:36  Probe (Chrono Boost)  
  15  0:39  Gateway  
  16  0:47  Probe (Chrono Boost)  
  16  0:49  Assimilator  
  17  0:57  Probe (Chrono Boost)  
  18  1:08  Probe (Chrono Boost)  
  19  1:19  Probe (Chrono Boost)  
  20  1:27  Nexus  
  20  1:36  Cybernetics Core  
  20  1:44  Probe (Chrono Boost)  
  21  1:47  Assimilator  
  21  1:54  Probe (Chrono Boost)  
  21  1:58  Pylon  
  22  2:05  Probe (Chrono Boost)  
  23  2:13  Warp Gate  
  23  2:16  Probe (Chrono Boost), Adept  
  26  2:27  Probe (Chrono Boost)  
  27  2:33  Gateway  
  27  2:35  Pylon  
  27  2:37  Probe (Chrono Boost)  
  27  2:39  Probe (Chrono Boost)  
  27  2:43  Sentry  
  31  2:48  Probe (Chrono Boost)  
  31  2:49  Probe (Chrono Boost)  
  33  2:54  Twilight Council  
  34  2:58  Probe (Chrono Boost)  
  34  3:00  Probe (Chrono Boost)  
  35  3:06  Gateway  
  35  3:13  Probe (Chrono Boost)  
  37  3:20  Robotics Facility  
  37  3:25  Probe (Chrono Boost)  
  37  3:27  Mothership Core (Chrono Boost)  
  39  3:34  Resonating Glaives  
  39  3:35  Probe (Chrono Boost)  
  39  3:37  Pylon  
  40  3:44  Pylon  
  40  3:45  Probe (Chrono Boost)  
  40  3:46  Probe (Chrono Boost)  
  42  3:55  Gateway, Probe (Chrono Boost)  
  43  3:57  Probe (Chrono Boost)  
  43  3:59  Pylon  
  44  4:06  Probe (Chrono Boost)  
  44  4:07  Probe (Chrono Boost)  
  44  4:08  Warp Prism (Chrono Boost)  
  48  4:18  Assimilator  
  48  4:19  Adept  
  48  4:20  Assimilator  
  48  4:21  Adept  
  52  4:25  Adept  
  52  4:28  Probe x2 (Chrono Boost)  
  56  4:33  Gateway  
  56  4:39  Pylon  
  56  4:40  Probe (Chrono Boost)  
  56  4:41  Adept  
  59  4:47  Adept, Observer  
  59  4:50  Adept  
  59  4:51  Sentry  
  66  4:59  Probe x2 (Chrono Boost)  
  68  5:08  Pylon  
  68  5:09  Probe (Chrono Boost)  
  69  5:14  Blink  
  67  5:30  Adept  
  67  5:31  Adept  
  67  5:33  Immortal (Chrono Boost)  
  67  5:34  Adept x2  
  77  5:56  Stalker  
  77  5:57  Stalker x2  
  71  5:58  Stalker x2  
  75  6:09  Nexus  
  75  6:10  Pylon  
  75  6:12  Observer (Chrono Boost)  
  70  6:22  Sentry, Stalker x4  
  80  6:30  Warp Prism (Chrono Boost)  
  82  6:33  Probe x2 (Chrono Boost), Pylon  
  84  6:46  Probe (Chrono Boost)  
  85  6:51  Probe (Chrono Boost)  
  86  6:55  Stalker x2  
  86  6:59  Stalker  
  92  7:01  Stalker  
  92  7:02  Sentry  
  92  7:05  Immortal  
  92  7:08  Probe x2 (Chrono Boost)  
  102  7:15  Forge  
  102  7:18  Stalker, Probe (Chrono Boost)  
  102  7:19  Probe (Chrono Boost)  
  106  7:29  Stalker x2, Probe (Chrono Boost)  
  111  7:35  Probe (Chrono Boost)  
  112  7:45  Probe (Chrono Boost)  
  112  7:46  Stalker x3  
  112  7:48  Protoss Ground Weapons Level 1 (Chrono Boost)  
  119  7:53  Pylon  
  119  7:54  Stalker x2  
  123  8:01  Pylon  
  123  8:07  Assimilator  
  123  8:08  Assimilator  
  123  8:13  Sentry, Stalker  
  123  8:14  Stalker  
  123  8:17  Stalker x2  
  129  8:28  Immortal  
  127  8:42  Sentry, Stalker  
  127  8:43  Stalker x2  
  133  8:53  Charge  
  133  9:02  Stalker  
  119  9:05  Stalker  
  119  9:06  Stalker  
  119  9:08  Zealot x2  
  91  9:19  Probe (Chrono Boost), Immortal  
  91  9:20  Probe (Chrono Boost)  
  91  9:28  Gateway x2  
  91  9:30  Sentry x2, Zealot  
  101  9:33  Gateway  
  101  9:34  Gateway  
  101  9:36  Zealot x2  
  101  9:37  Gateway  
  105  9:40  Protoss Ground Weapons Level 2 (Chrono Boost)  
  105  9:50  Templar Archives  
  105  9:56  Zealot x4  
  113  10:01  Immortal, Pylon  
  113  10:02  Pylon  
  117  10:24  Zealot x2  
  117  10:25  Zealot  
  117  10:26  Zealot  
  117  10:29  High Templar  
  117  10:30  High Templar x2  
  117  10:31  Zealot x2  
  117  10:32  Zealot x2, High Templar  
  117  10:33  Zealot x2  
  117  10:35  Archon  
  135  10:38  Pylon  
  135  10:39  Photon Cannon  
  135  10:41  Pylon x2  
  135  10:42  Immortal, Archon  
  139  10:52  Zealot  
  139  10:53  Zealot  
  139  10:56  High Templar  
  139  10:57  Zealot, High Templar  
  147  10:59  Zealot  
  147  11:01  Archon  
  147  11:03  Zealot  
  148  11:14  Stalker  
  135  11:22  Warp Prism  
  135  11:25  Zealot x5, High Templar x2  
  136  11:34  Probe, Archon  
  136  11:36  Probe x2  
  123  11:43  Stalker  
  123  11:44  Stalker x2  
  129  11:53  High Templar x2  
  129  11:54  Zealot x2  
  135  11:58  Archon  
  137  12:05  Zealot x3  
  143  12:10  High Templar x2  
  143  12:12  Pylon  
  141  12:20  Archon  
  132  12:22  Probe  
  132  12:24  Probe  
  132  12:26  Probe  
  132  12:31  High Templar  
  132  12:34  Probe  
  132  12:35  Probe  
  136  12:41  Zealot x3  
  136  12:43  High Templar  
  144  12:47  Archon  
  144  12:53  Stalker x2  
  128  13:05  Zealot x2  
Show
View Real Time Build Order
Export as new Build Order

Namshar Zerg - Winner!

Build Orders: Hatch First, Lurkers 

Get SALT Encoding   

  12  0:00  Drone  
  13  0:08  Drone  
  14  0:16  Overlord  
  14  0:21  Extractor  
  14  0:23  Drone  
  15  0:35  Drone x2  
  17  0:53  Hatchery  
  17  0:54  Drone  
  17  0:58  Drone  
  18  1:14  Spawning Pool  
  18  1:15  Drone  
  19  1:18  Drone  
  19  1:21  Extractor  
  18  1:42  Hatchery  
  17  1:50  Drone  
  17  1:51  Drone  
  19  2:01  Queen  
  21  2:09  Queen  
  21  2:14  Zergling x2  
  24  2:20  Overlord  
  24  2:25  Metabolic Boost  
  24  2:29  Drone  
  25  2:34  Drone  
  26  2:39  Drone x2  
  26  2:42  Drone  
  29  2:44  Drone  
  29  2:47  Drone  
  29  2:50  Drone  
  32  2:57  Queen  
  34  3:00  Drone  
  34  3:02  Zergling x2  
  34  3:05  Zergling x2  
  36  3:06  Zergling x2  
  37  3:13  Zergling x6  
  37  3:17  Overlord  
  37  3:19  Drone  
  41  3:21  Drone  
  41  3:26  Overlord  
  42  3:35  Drone  
  42  3:36  Drone x5  
  42  3:39  Drone  
  49  3:41  Overlord  
  49  3:47  Drone x3  
  52  3:58  Drone  
  52  3:59  Spore Crawler  
  52  4:00  Drone  
  52  4:01  Spore Crawler, Drone x3  
  55  4:05  Drone x3  
  55  4:09  Drone x2  
  60  4:12  Overlord  
  60  4:15  Drone  
  60  4:16  Drone x2  
  63  4:18  Drone  
  63  4:20  Drone  
  63  4:21  Drone  
  66  4:32  Overlord  
  66  4:33  Lair  
  66  4:34  Drone x2  
  68  4:38  Extractor  
  68  4:40  Roach Warren, Drone x3, Extractor  
  68  4:43  Drone x2  
  68  4:44  Drone  
  71  4:48  Overlord, Extractor  
  71  4:50  Extractor  
  69  4:55  Zergling x14  
  74  5:00  Spine Crawler  
  74  5:01  Zergling x4  
  74  5:02  Spine Crawler  
  74  5:04  Overlord  
  75  5:07  Spine Crawler  
  75  5:11  Spine Crawler  
  74  5:19  Roach  
  74  5:20  Roach x6  
  84  5:24  Roach x2  
  82  5:29  Roach x2  
  82  5:30  Zergling x2  
  82  5:31  Zergling x4  
  87  5:36  Roach x2  
  87  5:37  Queen  
  91  5:47  Glial Reconstitution  
  91  5:51  Drone  
  91  5:52  Drone x6  
  91  5:55  Extractor  
  91  5:56  Extractor  
  95  6:00  Drone x2  
  96  6:06  Drone x2  
  96  6:08  Drone  
  98  6:12  Overlord  
  98  6:15  Extractor  
  98  6:16  Drone  
  96  6:20  Drone  
  96  6:21  Hatchery  
  96  6:24  Drone  
  97  6:27  Evolution Chamber, Drone  
  97  6:28  Spire  
  98  6:33  Drone x2  
  98  6:35  Hydralisk Den  
  98  6:36  Drone x2  
  98  6:37  Drone  
  102  6:44  Drone  
  102  6:45  Drone  
  102  6:47  Queen  
  102  6:50  Overlord x2  
  104  6:54  Extractor  
  104  6:55  Hatchery  
  104  6:57  Drone, Extractor  
  104  6:58  Drone x3  
  104  7:00  Overlord x2  
  105  7:06  Zerg Missile Weapons Level 1  
  105  7:08  Muscular Augments  
  105  7:11  Drone x3  
  105  7:12  Drone x2  
  105  7:13  Drone  
  105  7:14  Overlord x2  
  111  7:20  Drone  
  112  7:27  Hydralisk x2  
  112  7:28  Hydralisk x4  
  118  7:32  Hydralisk x2  
  118  7:35  Hydralisk  
  119  7:41  Hydralisk  
  119  7:42  Hydralisk x2  
  121  7:48  Ravager x3  
  121  7:49  Ravager x3, Hydralisk  
  121  7:51  Hydralisk  
  129  7:56  Overlord  
  131  7:59  Drone x4  
  135  8:07  Hydralisk  
  135  8:08  Hydralisk, Zergling x2  
  135  8:09  Zergling x14  
  147  8:13  Overlord x2  
  147  8:20  Zergling x2  
  147  8:21  Zergling x10  
  142  8:32  Hydralisk x2  
  142  8:33  Zergling x4  
  133  8:39  Hydralisk  
  133  8:40  Zergling x16  
  138  8:53  Roach x7  
  147  8:57  Zergling x2  
  147  8:58  Zergling x4  
  147  9:02  Hydralisk x2  
  137  9:05  Hydralisk  
  137  9:06  Zergling x2  
  137  9:09  Hydralisk  
  122  9:10  Zergling x2  
  119  9:18  Drone x2  
  119  9:19  Roach  
  119  9:20  Roach x2  
  119  9:23  Ravager x2  
  126  9:25  Drone  
  126  9:27  Drone x5  
  132  9:42  Mutalisk x6  
  132  9:45  Mutalisk  
  144  9:48  Mutalisk  
  144  9:50  Mutalisk  
  150  9:55  Mutalisk x2  
  150  9:56  Mutalisk  
  156  10:02  Drone x3  
  156  10:05  Drone x2  
  161  10:10  Roach x3  
  165  10:17  Lurker Den  
  165  10:18  Zerg Missile Weapons Level 2  
  164  10:27  Zerg Flyer Weapons Level 1  
  164  10:37  Hydralisk  
  164  10:38  Hydralisk x3  
  164  10:40  Roach x4  
  164  10:41  Overlord x3  
  180  10:45  Drone x3, Extractor  
  180  10:46  Drone  
  180  10:47  Drone x2  
  180  10:48  Drone  
  180  10:49  Drone  
  187  10:53  Ravager x3  
  187  10:55  Overseer  
  187  10:56  Pneumatized Carapace  
  190  10:57  Spore Crawler  
  190  10:58  Drone  
  166  11:23  Hydralisk x3  
  166  11:24  Hydralisk x3  
  151  11:26  Roach x3  
  151  11:27  Roach x8  
  164  11:33  Roach  
  164  11:34  Roach x4  
  154  11:41  Hydralisk x3  
  154  11:42  Roach  
  162  11:48  Hydralisk x2  
  162  11:49  Roach x2  
  166  11:58  Hatchery  
  166  12:00  Lurker x2  
  167  12:04  Lurker  
  167  12:07  Lurker  
  169  12:11  Spine Crawler  
  169  12:15  Lurker  
  169  12:21  Hydralisk x2, Zergling x2  
  169  12:22  Zergling x6  
  177  12:28  Hydralisk x4  
  175  12:40  Lurker x2  
  175  12:41  Lurker  
  175  12:42  Zergling x2  
  175  12:43  Zergling x18  
  188  12:53  Lurker  
  188  12:54  Lurker x2  
  181  13:05  Zergling x2  

Tags
 
Add a new tag
Caveats
  • Supply blocks, unpowered buildings, or Contaminate may cause inaccurate times.
  • Supply counts are checked every 10 seconds.